 Dungeon Crawl Stone Soup version 0.31-a0-940-gdaa99269f9 (webtiles) character file.

Game seed: 7612152389572429565

11 gelatine the Ruffian (level 2, -1/18 HPs)
             Began as an Octopode Shapeshifter on Oct 20, 2023.
             Slain by an adder (3 damage)
             ... on level 2 of the Dungeon.
             The game lasted 00:01:03 (293 turns).

gelatine the Ruffian (Octopode Shapeshifter)         Turns: 293, Time: 00:01:04

Health: -1/18      AC:  1    Str: 13    XL:     2   Next: 29%
Magic:  2/2        EV: 13    Int: 12    God:
Gold:   41         SH:  0    Dex: 11    Spells: 1/1 levels left

rFire   . .          .
                       - Unarmed
rCold   . . .        (no shield)
rNeg    . . .        (helmet currently unavailable)
rPois   .            (no amulet)
rElec   .            (no ring)
rCorr   .            (no ring)
SInv    .            (no ring)
Will    .....        (no ring)
Stlth   ++           (no ring)
HPRegen 0.23/turn    (no ring)
MPRegen 0.08/turn    (no ring)
                     (no ring)

%: no passive effects
@: lethally poisoned (-1 -> -2), beast-form
A: beast (slay +1), almost no armour, amphibious, 8 rings, camouflage 1,
gelatinous body 1, (nimble swimmer 1), tentacles
a: Begin Untransformation


You were on level 2 of the Dungeon.
You were a hulking beast.
You visited 1 branch of the dungeon, and saw 2 of its levels.

You collected 41 gold pieces.

Inventory:

Missiles
 f - 3 javelins
Talismans
 b - a beast talisman (active)
 c - a flux talisman
Wands
 h - a wand of flame (2) (quivered)
Scrolls
 d - a scroll of fear {unknown}
 g - a scroll of teleportation {unknown}
Potions
 a - a potion of lignification
 e - a potion of heal wounds {unknown}


   Skills:
 + Level 1.2 Fighting
 + Level 2.1 Dodging
 + Level 3.3 Unarmed Combat
 * Level 3.1 Shapeshifting


You had one spell level left.
You didn't know any spells.
Your spell library was empty.

Dungeon Overview and Level Annotations

Branches:
Dungeon (1/15)

Altars:


Innate Abilities, Weirdness & Mutations

You are a hulking beast.
Your limbs bulge with bestial killing power. (Slay +1)
You cannot wear most types of armour.
You are amphibious.
You can wear up to eight rings at the same time.
Your skin changes colour to match your surroundings (Stealth+).
Your rubbery body absorbs attacks. (AC +1, EV +1)
((You are camouflaged when in or above water. (Stealth+)))
You have tentacles for arms and can constrict up to eight enemies at once.


Message History

Found a dagger.
There is a stone staircase leading down here.
Things that are here:
a +0 dagger; 2 stones An endoplasm and an adder come into view.
Found a fizzy dark potion.
Found a scroll labelled HATZIV VOYZEUGU and 11 gold pieces.
The adder hisses angrily.
The endoplasm quivers.
The puff of flame hits the adder.
The adder is moderately wounded.
The puff of flame misses the adder.
The puff of flame hits the endoplasm!
You kill the endoplasm!
The adder closely misses you. The adder misses you.
You tentacle-slap the adder. Your grab misses the adder. You squeeze the adder.
The adder is severely wounded.
The adder bites you.
You completely miss the adder. Your grab misses the adder.
Your squeeze misses the adder.
The adder is severely wounded.
The adder bites you.
You are poisoned.
The adder poisons you!
You closely miss the adder. Your grab misses the adder.
Your squeeze misses the adder.
The adder is severely wounded.
You feel sick. The adder bites you.
You barely miss the adder. Your grab misses the adder.
Your squeeze misses the adder.
The adder is severely wounded.
You feel sick. The adder bites you.
* * * LOW HITPOINT WARNING * * *
The adder barely misses you.
Unknown command.
You closely miss the adder. Your grab misses the adder.
Your tentacle-slap misses the adder.
The adder is severely wounded.
* * * LOW HITPOINT WARNING * * *
You feel sick. The adder bites you.
You die...

# ##.##
#.##.$.##
#.#!....##
###...)....##
.....<......#
#.........##
#..S..?..#
#.##.h:#
#.###.## #.#
#.# #.# #>#
#.# #.# #.#
#.# #.# #.#
....w.
####.###.#
#...r
#........#
.....


You could see an adder.

Vanquished Creatures
  A worm (D:2)
  2 bats (D:1)
  2 endoplasms
  A goblin (D:1)
  A ball python (D:1)
  A kobold (D:2)
8 creatures vanquished.

Notes
Turn   | Place    | Note
-------+----------+-------------------------------------------
     0 | D:1      | gelatine the Octopode Shapeshifter began the quest for the
                  | Orb.
     0 | D:1      | Reached XP level 1. HP: 13/13 MP: 1/1
   220 | D:1      | You fall into a shaft and drop 1 floor!
   263 | D:2      | Reached XP level 2. HP: 18/18 MP: 2/2
   293 | D:2      | Slain by an adder

Illustrated notes

Levels and vault maps discovered:
D:1:      spicycebolla_green_bress_n_ham_2, layout_basic
D:2:      layout_loops_ring, kennysheep_cluttered_room, uniq_crazy_yiuf_cottage

Action                     || total
---------------------------++-------
  Melee: Unarmed           ||    19
         Tentacles         ||     2
         Constrict         ||     1
  Evoke: Wand              ||     4
   Stab: Sleeping          ||     2
 Armour: Skin              ||     8
  Dodge: Dodged            ||    10

Table legend: (Time is in decaauts)
 A = Elapsed time spent in this place.
 B = Non-inter-level travel time spent in this place.
 C = Inter-level travel time spent in this place.
 D = Time resting spent in this place.
 E = Time spent auto-exploring this place.
 F = Levels seen in this place.
 G = Mean time per level.
                   A        B        C        D        E       F      G
               +--------+--------+--------+--------+--------+-----+--------+
         Total |    291 |    281 |     10 |      0 |    179 |   2 |  145.5 |
       Dungeon |    291 |    281 |     10 |      0 |    179 |   2 |  145.5 |
               +--------+--------+--------+--------+--------+-----+--------+

Top non-repeatable levels by time:
     D:1: 219 daAuts
     D:2: 72 daAuts
